AoeStats
← So sad

Fortress

508724695Analyzed
3v3 RM · 7d ago on Sep 23, 2026· 32m 48s· 6 players
Game mode
Random Map
Map size
Large (8 player)
Population
200
Speed
Normal
Resources
Standard
Victory
Conquest
Starting age
Dark Age
Ending age
Imperial Age
RankedLock teamsTeams togetherTeam positionsShared explorationLock speedFull tech treeHidden civsTurbo modeCheats
Victory
Defeat
🇬🇧 Khmer · United Kingdom
1438
+15
🇩🇪 Mapuche · Germany
1426
+15
🇧🇷 Hindustanis · Brazil
1403
+16
🇺🇦 Varangians · Ukraine
1415
-16
🇧🇾 Saxons · Belarus
1407
-15
🇧🇾 Burmese · Belarus
1400
-15
Karzul
7:32 Feudal Age
11:17 Castle Age
9:16 Double-Bit Axe
9:12 Horse Collar
12:45 Bow Saw
14:30 Scale Mail Armor
17:39 Chain Mail Armor
19:38 Forging
19:35 Heavy Plow
20:17 Loom
21:11 Wheelbarrow
21:48 Arson
24:20 Hand Cart
26:40 Imperial Age
26:37 Grand Trunk Road
26:48 Padded Archer Armor
28:31 Chemistry
27:49 Leather Archer Armor
27:53 Shatagni
28:14 Conscription
28:09 Masonry
27:55 Elite Skirmisher
28:28 Fletching
30:32 Town Watch
31:35 Bodkin Arrow
32:02 Ballistics
31:54 Fortified Wall
Lugal
7:57 Feudal Age
11:47 Castle Age
9:36 Double-Bit Axe
9:37 Horse Collar
11:14 Gold Mining
12:41 Bow Saw
13:32 Heavy Plow
16:04 Gold Shaft Mining
17:53 Loom
19:16 Sanctity
25:37 Imperial Age
24:03 Scale Barding Armor
25:24 Chain Barding Armor
25:15 Forging
26:12 Bloodlines
26:02 Husbandry
25:49 Elite Battle Elephant
25:55 Elite Battle Elephant
27:15 Plate Barding Armor
32:27 Iron Casting
32:29 Wheelbarrow
32:34 Capped Ram
omnomnomnivore
6:47 Feudal Age
10:07 Double-Bit Axe
12:49 Castle Age
10:39 Horse Collar
11:36 Fletching
12:35 Gold Mining
14:00 Wheelbarrow
13:30 Heavy Plow
13:48 Bow Saw
13:55 Heavy Plow
15:22 Loom
18:33 Bodkin Arrow
23:13 Hand Cart
26:29 Imperial Age
23:45 Town Watch
25:08 Padded Archer Armor
26:22 Leather Archer Armor
27:26 Malon
27:58 Ring Archer Armor
29:28 Gold Shaft Mining
30:24 Chemistry
30:19 Caravan
30:15 Elite Bolas Rider
So sad
7:48 Feudal Age
13:36 Castle Age
11:24 Loom
12:19 Town Watch
12:16 Horse Collar
12:58 Gold Mining
14:06 Loom
22:50 Bloodlines
26:01 Masonry
27:51 Light Cavalry
29:36 Forging
29:32 Scale Barding Armor
30:22 Husbandry
NiL
7:19 Feudal Age
11:27 Castle Age
9:43 Double-Bit Axe
13:19 Loom
15:13 Horse Collar
17:42 Scale Mail Armor
18:03 Fletching
21:38 Bodkin Arrow
24:37 Ballistics
26:41 Scale Barding Armor
26:49 Forging
26:48 Town Watch
27:50 Squires
27:36 Gambesons
29:05 Bow Saw
33:19 Imperial Age
31:36 Chain Mail Armor
33:02 Wheelbarrow
32:16 Arson
HURMA
7:29 Feudal Age
7:49 Horse Collar
7:55 Double-Bit Axe
14:13 Castle Age
15:08 Bow Saw
20:57 Wheelbarrow
20:39 Heavy Plow
22:09 Stone Mining
23:10 Hand Cart
23:40 Town Watch
23:49 Gold Mining
28:01 Imperial Age
25:18 Loom
26:42 Scale Mail Armor
26:53 Forging
27:46 Gold Shaft Mining
29:10 Chain Mail Armor
29:30 Iron Casting
29:43 Ballistics
30:20 Caravan
30:18 Fletching
29:56 Shield Wall
30:51 Guilds
32:51 Plate Mail Armor
33:00 Bodkin Arrow
Connection lost

Rejoining the realm…

Still unreachable

The connection could not be restored.

Session expired

The server has moved on; the page needs a fresh start.